 Dungeon Crawl Stone Soup version 0.29.0 (webtiles) character file.

Game seed: 16039251013142541490

55 worthlessgem the Changer (level 3, -6/15 HPs)
             Began as a Felid Transmuter on Aug 25, 2022.
             Killed from afar by a white imp (8 damage)
             ... with a puff of frost
             ... on level 4 of the Dungeon.
             The game lasted 00:15:05 (3734 turns).

worthlessgem the Changer (Felid Transmuter)         Turns: 3734, Time: 00:15:06

Health: -6/15      AC:  2    Str:  8    XL:     3   Next: 67%
Magic:  5/7        EV: 20    Int: 14    God:
Gold:   41         SH:  0    Dex: 21    Spells: 0/6 levels left
                                        Lives:  0   Deaths: 1

rFire   . . .      SeeInvis +     - Unarmed
rCold   . . .      Faith    .   (shield unavailable)
rNeg    . . .      Spirit   .   (body armour unavailable)
rPois   x          Reflect  .   (helmet unavailable)
rElec   .          Harm     .   (cloak unavailable)
rCorr   .          Rampage  .   (gloves unavailable)
Will    .....                   (boots unavailable)
Stlth   ++........              (no amulet)
HPRegen 0.05/turn               (no ring)
MPRegen 0.10/turn               (no ring)

@: spider-form (expiring)
A: venomous fangs, tiny, (claws 1), (fangs 3), see invisible, (speed 1), (shaggy
fur 1), (stealthy paws), no weapons or thrown items, no armour, multi-lived
a: End Transformation


You were on level 4 of the Dungeon.
You were a venomous arachnid creature.
You visited 1 branch of the dungeon, and saw 4 of its levels.

You collected 111 gold pieces.
You spent 70 gold pieces at shops.

Inventory:

Wands
 k - a wand of paralysis (4)
Scrolls
 b - 3 scrolls of identify
 g - a scroll of amnesia {unknown}
 h - a scroll of summoning {unknown}
 i - a scroll of brand weapon {unknown}
 j - 3 scrolls of magic mapping {unknown}
Potions
 a - a potion of lignification
 c - a potion of heal wounds
 d - a potion of mutation {unknown}
 e - 2 potions of flight
 f - a potion of curing {unknown}


   Skills:
 - Level 1.0 Fighting
 - Level 2.6 Dodging
 - Level 3.0 Unarmed Combat
 - Level 2.0 Spellcasting
 + Level 5.0 Transmutations
 + Level 1.5 Ice Magic


You couldn't memorise any spells.
You knew the following spells:

 Your Spells              Type           Power      Damage    Failure   Level
a - Beastly Appendage     Tmut           30%        N/A       11%         1
b - Wereblood             Tmut           15%        N/A       14%         2
c - Spider Form           Tmut/Pois      8%         N/A       47%         3

Your spell library contained the following spells:

 Spells                   Type           Power      Damage    Failure   Level
 Ensorcelled Hibernation  Hex/Ice        6%         N/A       47%         2
 Ice Form                 Ice/Tmut       10%        N/A       73%         4
 Airstrike                Air            0%         2d(1-17)  98%         4
 Anguish                  Hex/Necr       0%         N/A       98%         4
 Summon Lightning Spire   Summ/Air       1%         N/A       98%         4
 Lightning Bolt           Conj/Air       0%         1d11      100%        5


Dungeon Overview and Level Annotations

Branches:
Dungeon (4/15)
 Temple: D:4-7

Altars:

Shops:
D:4 *

Annotations:
D:2 Sigmund


Innate Abilities, Weirdness & Mutations

You are a venomous arachnid creature.
You have poisonous fangs.
You are tiny and dextrous.
Your spellcasting is less reliable in this form.
((You have sharp claws.))
((You have razor-sharp teeth.))
You have supernaturally acute eyesight. (SInv)
((You cover ground quickly. (Speed+)))
((You are covered in fur. (AC +1)))
((Your paws help you pounce on unaware monsters.))
You are incapable of wielding weapons or throwing items.
You cannot wear armour.
You gain extra lives every three experience levels.


Message History

The hobgoblin looks as sick as possible!
The hobgoblin is severely wounded.
You kill the hobgoblin!
The white imp gestures at you. The puff of frost misses you.
The white imp closely misses you.
There is an entrance to Qinac's General Store here.
You see here a hobgoblin corpse.
You barely miss the white imp.
The white imp hits you but does no damage.
You hit the white imp but do no damage. The white imp gestures at you.
The puff of frost misses you.
You hit the white imp.
The white imp is moderately wounded.
The white imp misses you.
You hit the white imp.
The white imp is moderately wounded.
The white imp gestures at you. The puff of frost hits you.
You completely miss the white imp.
The white imp is moderately wounded.
The white imp barely misses you.
You hit the white imp but do no damage.
The white imp is poisoned.
The white imp is moderately wounded.
The white imp gestures at you. The puff of frost misses you.
You hit the white imp.
The white imp is severely wounded.
Your transformation is almost over.
The white imp gestures at you. The puff of frost hits you!
Ouch! That really hurt!
* * * LOW HITPOINT WARNING * * *
You hit the white imp.
The white imp is almost dead.
The white imp gestures at you. The puff of frost hits you!
Ouch! That really hurt!
You die...

....
#.#############
.♣~
#.......s5....#
. #..
#############.#
#.##.≈ ..< ...~
....# .. ..>..#
# .....# #
.#...# # .##..#
# ######


You could see a white imp (very poisoned).

Vanquished Creatures
  3 gnolls (D:3)
  4 adders (D:3)
  A worm (D:2)
  3 dart slugs
  An orc (D:3)
  2 ball pythons (D:3)
  4 endoplasms
  A giant cockroach (D:2)
  4 goblins
  2 hobgoblins
  4 jackals (D:2)
  A quokka (D:1)
  2 bats
  A frilled lizard (D:3)
  2 kobolds (D:3)
  6 rats
41 creatures vanquished.

Notes
Turn   | Place    | Note
-------+----------+-------------------------------------------
     0 | D:1      | worthlessgem the Felid Transmuter began the quest for the
                  | Orb.
     0 | D:1      | Reached XP level 1. HP: 9/9 MP: 4/4
  1195 | D:1      | Reached skill level 3 in Transmutations
  1234 | D:1      | Reached XP level 2. HP: 11/12 MP: 6/6
  1237 | D:1      | Learned a level 2 spell: Wereblood
  1822 | D:2      | Reached XP level 3. HP: 15/15 MP: 3/7
  1828 | D:2      | Learned a level 3 spell: Spider Form
  1940 | D:2      | Noticed Sigmund
  2095 | D:2      | Reached skill level 4 in Transmutations
  2871 | D:3      | Reached XP level 4. HP: 14/19 MP: 4/8
  3267 | D:3      | Reached skill level 1 in Ice Magic
  3604 | D:4      | Reached skill level 5 in Transmutations
  3612 | D:4      | Killed from afar by a shadow imp
  3613 | D:4      | Reached XP level 3. HP: -7/15 MP: 7/7
  3613 | D:4      | Found Qinac's General Store.
  3614 | D:4      | Bought a potion of heal wounds for 70 gold pieces
  3734 | D:4      | Killed from afar by a white imp

Illustrated notes

Levels and vault maps discovered:
D:1:      dpeg_arrival_castle, layout_loops_corners
D:2:      layout_loops_ring, nicolae_eternal_life, minmay_rat_gold_closets,
          uniq_sigmund
D:3:      layout_basic, due_unseen_surprise
D:4:      layout_loops_ring, serial_shops, nicolae_shop_statue_plus, shop, shop,
          nicolae_square_shop, serial_demonic, serial_demonic_b,
          serial_demonic_c, serial_demonic_g, serial_demonic_a,
          serial_demonic_a, serial_demonic_a, serial_demonic_d,
          serial_demonic_f, serial_demonic_g, serial_demonic_b, uniq_natasha,
          uniq_duvessa, uniq_blork_the_orc

Skill      XL: |  1  2  3  4 |
---------------+-------------+-----
Transmutations | 3 4 5 |  5.0
Ice Magic      | 1 |  1.5
Fighting       | |  1.0
Dodging        | |  2.6
Unarmed Combat | |  3.0
Spellcasting   | |  2.0

Action                   |  1- 3 |  4- 6 || total
-------------------------+-------+-------++-------
Melee: Unarmed           |   106 |    20 ||   126
       Headbutt          |    12 |       ||    12
       Bite              |    11 |       ||    11
       Punch             |     1 |     1 ||     2
 Cast: Beastly Appendage |    21 |     1 ||    22
       Wereblood         |     1 |       ||     1
       Spider Form       |     3 |     4 ||     7
 Abil: End Transformatio |     1 |     2 ||     3
  Use: Scroll            |       |     2 ||     2
 Stab: Sleeping          |     3 |       ||     3
Armor: Skin              |     9 |     2 ||    11
Dodge: Dodged            |    81 |    22 ||   103
